Map: Zen LE

Players

antagomiR - Winner!

  • Race: Protoss Protoss
  • League: Gold
  • Spawn Location: 7:00

BOBBY

  • Race: Terran Terran
  • League: Silver
  • Spawn Location: 1:00

VOD

Have the link to the VOD?

Description

Time

  • Played on: April 4, 2020, 5:40 p.m.
  • Length: 15:42
Show
View Real Time Build Order
Export as new Build Order

antagomiR Protoss - Winner!

Build Orders:  

Get SALT Encoding   

  13  0:09  Probe  
  13  0:15  Pylon  
  13  0:21  Probe  
  14  0:34  Probe  
  15  0:38  Gateway  
  15  0:46  Probe  
  16  0:53  Assimilator  
  16  0:58  Probe  
  17  1:08  Assimilator  
  17  1:10  Probe  
  18  1:22  Probe  
  19  1:31  Cybernetics Core  
  19  1:40  Probe  
  20  1:48  Pylon  
  20  1:52  Probe  
  21  2:04  Probe, Warp Gate (Chrono Boost)  
  22  2:12  Adept  
  24  2:16  Probe  
  25  2:23  Robotics Facility  
  25  2:28  Probe  
  26  2:40  Probe  
  27  2:59  Probe  
  27  3:00  Nexus  
  27  3:01  Pylon  
  28  3:10  Observer  
  28  3:11  Probe  
  30  3:19  Stalker  
  32  3:21  Shield Battery  
  32  3:23  Probe  
  33  3:32  Observer  
  34  3:35  Probe  
  35  3:44  Gateway x2  
  35  3:48  Probe  
  36  3:57  Sentry  
  36  4:00  Probe  
  39  4:04  Pylon  
  39  4:21  Probe x2  
  41  4:26  Sentry  
  43  4:33  Probe  
  43  4:34  Probe  
  45  4:43  Phoenix  
  45  4:45  Probe  
  45  4:46  Probe  
  45  4:52  Stalker x3  
  51  4:58  Probe x2  
  55  5:02  Twilight Council  
  55  5:03  Immortal  
  59  5:10  Probe x2  
  61  5:22  Probe  
  61  5:25  Forge  
  62  5:40  Pylon  
  62  5:43  Pylon  
  62  5:58  Probe x2, Protoss Ground Weapons Level 1 (Chrono Boost), Immortal  
  62  6:00  Charge (Chrono Boost), Robotics Bay  
  68  6:10  Probe  
  69  6:11  Probe  
  69  6:14  Assimilator  
  70  6:18  Assimilator  
  70  6:22  Probe  
  70  6:23  Probe  
  70  6:24  Pylon  
  70  6:25  Sentry  
  74  6:34  Probe  
  74  6:35  Probe  
  76  6:43  Immortal  
  76  6:46  Probe  
  81  6:55  Probe  
  81  6:58  Probe  
  81  6:59  Nexus  
  81  7:01  Pylon  
  83  7:03  Pylon  
  83  7:07  Probe  
  84  7:19  Extended Thermal Lance (Chrono Boost)  
  84  7:22  Immortal  
  88  7:29  Zealot x2  
  92  7:30  Zealot  
  94  7:58  Zealot x3  
  100  8:13  Gateway  
  100  8:14  Gateway, Shield Battery  
  100  8:15  Shield Battery  
  100  8:16  Gateway  
  100  8:18  Photon Cannon  
  100  8:20  Gateway x2, Photon Cannon  
  100  8:24  Photon Cannon  
  100  8:25  Pylon  
  100  8:26  Assimilator  
  100  8:27  Pylon  
  100  8:29  Assimilator  
  100  8:46  Probe x2  
  102  8:50  Probe  
  102  8:55  Colossus  
  109  8:58  Probe x2  
  109  8:59  Zealot  
  109  9:02  Probe  
  114  9:10  Probe x2  
  114  9:14  Probe, Stalker x3  
  123  9:35  Stalker  
  123  9:36  Stalker  
  127  9:49  Immortal  
  131  10:15  Probe x2  
  133  10:31  Protoss Ground Weapons Level 2 (Chrono Boost)  
  133  10:47  Nexus  
  133  10:48  Pylon  
  133  10:50  Pylon  
  133  11:05  Colossus  
  133  11:06  Probe x2  
  133  11:08  Probe  
  144  11:18  Probe x2  
  144  11:20  Probe  
  144  11:22  Pylon  
  144  11:24  Pylon  
  145  11:30  Probe x2  
  145  11:32  Probe  
  148  11:35  Stargate x2  
  148  11:36  Stargate  
  148  11:42  Probe  
  148  11:44  Probe  
  150  11:49  Stalker  
  150  11:50  Stalker x2  
  156  12:00  Observer  
  157  12:14  Zealot x5  
  157  12:15  Zealot x2  
  171  12:20  Colossus  
  177  12:29  Assimilator  
  177  12:33  Assimilator  
  177  12:38  Shield Battery x2  
  177  12:40  Photon Cannon  
  177  12:43  Photon Cannon  
  177  12:45  Photon Cannon  
  175  13:37  Fleet Beacon  
  174  13:49  Immortal  
  174  13:50  Pylon  
  174  13:53  Pylon, Stalker  
  180  13:55  Pylon  
  165  15:08  Zealot x2  
  165  15:09  Zealot x3  
  165  15:10  Zealot x3  
Show
View Real Time Build Order
Export as new Build Order

BOBBY Terran 

Build Orders:  

Get SALT Encoding   

  12  0:03  SCV  
  13  0:18  Supply Depot  
  13  0:31  Refinery  
  13  0:39  Refinery  
  13  0:44  Barracks  
  13  0:55  Supply Depot  
  13  0:59  SCV  
  14  1:11  SCV  
  15  1:30  SCV  
  16  1:36  Barracks Tech Lab  
  16  1:50  Factory  
  16  2:03  Orbital Command  
  16  2:41  Factory Tech Lab  
  16  2:44  Marine  
  17  2:55  Starport  
  17  3:01  Marine  
  18  3:07  Combat Shield  
  18  3:18  Engineering Bay  
  18  3:20  SCV  
  19  3:32  Starport  
  19  3:33  SCV  
  20  3:45  SCV, Command Center  
  21  3:56  Barracks  
  21  3:57  SCV  
  22  4:09  SCV  
  23  4:20  Siege Tank  
  23  4:24  Terran Infantry Weapons Level 1  
  26  4:30  SCV  
  27  4:42  SCV  
  27  4:44  Medivac  
  30  4:48  Barracks Reactor  
  30  4:54  SCV  
  30  4:58  SCV, Refinery  
  32  5:06  SCV  
  33  5:12  Orbital Command  
  33  5:19  SCV  
  34  5:26  Armory  
  34  5:31  SCV  
  34  5:33  Marine x2  
  34  5:34  Marine  
  38  5:43  SCV  
  38  5:45  SCV  
  40  5:51  Marine x3  
  40  5:55  SCV  
  44  5:57  SCV  
  45  6:07  SCV  
  46  6:16  Supply Depot x2  
  46  6:17  Supply Depot  
  46  6:21  Supply Depot  
  46  6:26  Supply Depot  
  46  6:31  Supply Depot  
  46  6:37  Marine x3, SCV x2  
  51  6:49  SCV x2  
  53  6:55  Marine x3  
  56  7:03  Medivac x2  
  56  7:08  Terran Infantry Armor Level 1  
  60  7:11  SCV  
  60  7:12  SCV, Marine x3  
  65  7:24  Refinery  
  65  7:30  Marine x3  
  65  7:33  Medivac  
  65  7:35  Starport, Siege Tank  
  73  7:48  Marine x3  
  76  7:56  Medivac  
  78  8:03  Medivac  
  80  8:06  Marine x3, Terran Vehicle And Ship Armor Level 1  
  80  8:07  Siege Tank  
  86  8:13  Stimpack  
  86  8:20  Starport Tech Lab  
  86  8:24  Marine x3  
  79  9:07  Missile Turret x2  
  79  9:08  Missile Turret  
  79  9:10  Missile Turret x3  
  79  9:11  Missile Turret  
  79  9:12  Missile Turret  
  79  9:14  Missile Turret  
  79  9:15  Missile Turret  
  79  9:16  Missile Turret  
  79  9:32  Missile Turret  
  79  9:43  Marine x3  
  40  10:01  Marine x3  
  40  10:06  Starport Tech Lab x2  
  43  10:19  Marine x3  
  46  10:31  Siege Tank  
  49  10:37  Marine  
  50  11:03  Siege Tank  
  53  11:11  Command Center  
  53  11:35  Siege Tank  
  56  12:06  Supply Depot  
  56  12:07  Siege Tank  
  59  12:12  Command Center  
  59  12:28  Supply Depot  
  59  12:35  SCV  
  59  12:47  SCV  
  60  12:57  Banshee  
  60  12:58  Banshee x2  
  69  12:59  SCV  
  70  13:11  SCV  
  71  13:23  SCV  
  72  13:40  Banshee x3  
  81  14:23  Banshee x3  
Tags
 
Matchup
PvT
Replay Pack
20200422
Spawn Locations
Cross Positions
Add a new tag
Caveats
  • Supply blocks, unpowered buildings, or Contaminate may cause inaccurate times.
  • Supply counts are checked every 10 seconds.